 Dungeon Crawl Stone Soup version 0.20.1-1-g8b1a95d66d (webtiles) character file.

201 Gargoyl the Skirmisher (level 5, -4/41 HPs)
             Began as a Centaur Abyssal Knight on Dec 5, 2017.
             Was a Believer of Lugonu.
             Slain by dengdeng's ghost (5 damage)
             ... on level 4 of the Dungeon.
             The game lasted 00:07:40 (4487 turns).

Gargoyl the Skirmisher (Centaur Abyssal Knight)     Turns: 4487, Time: 00:07:41

Health: -4/41      AC:  6    Str: 15    XL:     5   Next: 50%
Magic:  6/6        EV:  9    Int: 11    God:    Lugonu [**....]
Gold:   222        SH:  0    Dex:  9    Spells: 4/4 levels left

rFire    . . .     SeeInvis +   a - +1 hand axe
rCold    . . .     Gourm    .   (no shield)
rNeg     . . .     Faith    .   b - +1 leather armour
rPois    .         Spirit   .   k - +0 helmet
rElec    .         Reflect  .   (no cloak)
rCorr    .         Harm     .   (no gloves)
MR       .....                  (no barding)
Stlth    ..........             (no amulet)
Regen    0.2/turn               d - ring of see invisible
MPRegen  0.1/turn               (no ring)

@: drained, very quick
A: hooves 3, deformed body, speed 2, [frail 1], tough skin 3
a: Depart the Abyss, Bend Space, Renounce Religion


You were on level 4 of the Dungeon.
You worshipped Lugonu.
Lugonu was pleased with you.
You were very hungry.

You visited 1 branch of the dungeon, and saw 4 of its levels.
You visited the Abyss 1 time.

You collected 222 gold pieces.

Inventory:

Hand Weapons
 a - a +1 hand axe (weapon)
Armour
 b - a +1 leather armour (worn)
 k - a +0 helmet (worn)
Jewellery
 d - a ring of see invisible (left hand)
 m - a +2 ring of dexterity {unknown}
 n - an uncursed ring of wizardry {unknown}
 o - an uncursed amulet of rage {unknown}
Scrolls
 h - a scroll of identify
 j - 2 scrolls of teleportation
Potions
 e - a potion of heal wounds {unknown}
 i - a potion of flight {unknown}
 l - 2 potions of curing
 p - a potion of magic {unknown}
Comestibles
 c - 2 bread rations
 f - 5 meat rations
 g - a royal jelly


   Skills:
 + Level 4.0(3.6) Fighting
 + Level 3.3(3.0) Axes
 * Level 2.2(1.8) Armour
 + Level 1.4(1.1) Dodging
 * Level 2.6(2.2) Invocations


You had 4 spell levels left.
You didn't know any spells.

Dungeon Overview and Level Annotations

Branches:
Dungeon (4/15)
 Temple: D:4-7

Altars:
Sif Muna
Yredelemnul
The Shining One

Annotations:
D:4 dengdeng's ghost, amateur TrBe


Innate Abilities, Weirdness & Mutations

You have hooves in place of feet.
Armour fits poorly on your strangely shaped body.
You cover ground very quickly.
You have extremely tough skin. (AC +3)
[You are frail. (-10% HP)]


Message History

You start resting.
HP restored.
There is a stone staircase leading down here.
You climb downwards.
Level annotation: dengdeng's ghost, amateur TrBe Dengdeng's ghost hits you but does no damage.
There is a stone staircase leading up here.
You barely miss dengdeng's ghost. Your kick misses dengdeng's ghost.
Dengdeng's ghost hits you! Dengdeng's ghost freezes you.
You hit dengdeng's ghost.
Dengdeng's ghost is lightly damaged.
Dengdeng's ghost hits you but does no damage.
Dengdeng's ghost hits you!
You closely miss dengdeng's ghost.
Dengdeng's ghost is lightly damaged.
Dengdeng's ghost stares at you. Dengdeng's ghost hits you!
* * * LOW HITPOINT WARNING * * *
You feel drained.
You die...

.#### .#.. #
#... . ..# .###.
###..####
.....###........
_.........#
.......@W##
....###...# .#
#.#.# #.#..#
#.##..# ### #...
##.# ... ..


You could see dengdeng's ghost.

Vanquished Creatures
  An orc wizard (D:3)
  6 adders
  3 worms
  3 dart slugs
  2 leopard geckos
  10 orcs
  A ball python (D:1)
  8 bats
  5 giant cockroaches
  4 goblins
  15 hobgoblins
  3 jackals (D:1)
  3 quokkas (D:2)
  9 frilled lizards
  9 kobolds
  4 rats
86 creatures vanquished.

Notes
Turn   | Place    | Note
-------+----------+-------------------------------------------
     0 | Abyss:1  | Gargoyl the Centaur Abyssal Knight began the quest for the Orb.
     0 | Abyss:1  | Reached XP level 1. HP: 19/19 MP: 2/2
    58 | Abyss:2  | Noticed a wretched star
    68 | Abyss:2  | Noticed a small abomination
    78 | Abyss:2  | Noticed a bone dragon
    81 | Abyss:2  | Noticed an eye of draining
    97 | Abyss:2  | Noticed a wretched star
   105 | Abyss:2  | Noticed a hungry ghost
   108 | Abyss:2  | Noticed a starcursed mass
   125 | D:1      | Escaped the Abyss
   637 | D:1      | Reached XP level 2. HP: 12/20 MP: 3/3
   968 | D:1      | Reached * piety under Lugonu
  1384 | D:1      | Reached XP level 3. HP: 21/24 MP: 4/4
  2175 | D:2      | Reached skill level 1 in Dodging
  2428 | D:2      | Found a deep blue altar of Sif Muna.
  2538 | D:2      | Reached XP level 4. HP: 30/30 MP: 5/5
  2721 | D:3      | Reached ** piety under Lugonu
  3046 | D:3      | Reached XP level 5. HP: 26/41 MP: 6/6
  3995 | D:3      | Found a glowing golden altar of the Shining One.
  4058 | D:3      | Reached skill level 4 in Fighting
  4295 | D:4      | Found a basalt altar of Yredelemnul.
  4324 | D:4      | Noticed dengdeng's ghost (amateur TrBe)
  4487 | D:4      | HP: 1/41 [dengdeng's ghost (12)]
  4487 | D:4      | Slain by dengdeng's ghost

Skill      XL: |  1  2  3  4  5 |
---------------+----------------+-----
Axes           | 2 3 |  3.3
Dodging        | 1 |  1.4
Armour         | 2 |  2.2
Fighting       | 4 |  4.0
Invocations    | |  2.6

Action                   |  1- 3 |  4- 6 || total
-------------------------+-------+-------++-------
Melee: Hand axe          |   122 |   135 ||   257
       Kick              |    24 |    19 ||    43
Invok: Depart the Abyss  |     1 |       ||     1
  Use: Potion            |     3 |       ||     3
       Scroll            |     9 |       ||     9
  Eat: Chunk             |     4 |     4 ||     8
Armor: Leather armour    |    55 |    77 ||   132
Dodge: Dodged            |    80 |    82 ||   162
